[Event "ICCopen2017"]
[Site "Internet Chess Club"]
[Date "2017.03.26"]
[Round "11"]
[White "ROWLAND"]
[Black "soyleyenda"]
[Result "1-0"]
[ICCResult "Black checkmated"]
[WhiteElo "1482"]
[BlackElo "1620"]
[Opening "Sicilian: Pelikan, Chelyabinsk variation"]
[ECO "B33"]
[NIC "SI.37"]
[Time "21:04:34"]
[TimeControl "180+0"]

1. e4 c5 2. Nf3 Nc6 3. d4 cxd4 4. Nxd4 Nf6 5. Nc3 e5 6. Ndb5 d6 7. Bg5 a6 8.
Na3 b5 9. Nd5 Be7 10. Bxf6 Bxf6 11. c3 O-O 12. Nc2 Bg5 13. a4 bxa4 14. Rxa4
a5 15. Bc4 Rb8 16. b3 Kh8 17. O-O f5 18. exf5 Bxf5 19. Nce3 Be6 20. Bd3 Rxb3
21. Qxb3 Ne7 22. Qd1 Nxd5 23. Qh5 h6 24. Qg6 Bg8 25. Nxd5 Qa8 26. Rg4 Qxd5
27. Rxg5 Rf6 28. Qxg7# {Black checkmated} 1-0

[Event "ICCopen2017"]
[Site "Internet Chess Club"]
[Date "2017.03.26"]
[Round "11"]
[White "PITCHUS"]
[Black "trianon"]
[Result "0-1"]
[ICCResult "White resigns"]
[WhiteElo "1733"]
[BlackElo "2199"]
[Opening "Réti opening"]
[ECO "A04"]
[NIC "QP.10"]
[Time "21:05:07"]
[TimeControl "180+0"]

1. Nf3 c5 2. g3 Nc6 3. d3 g6 4. Bg2 Bg7 5. c4 b6 6. Nc3 Bb7 7. O-O d6 8. e4
Qd7 9. Rb1 Nf6 10. Nd5 Nxd5 11. exd5 Ne5 12. b3 O-O 13. Bb2 Nxf3+ 14. Bxf3
Bxb2 15. Rxb2 e6 16. d4 exd5 17. cxd5 Rae8 18. Rd2 Ba6 19. Re1 Rxe1+ 20.
Qxe1 Re8 21. Qd1 Qe7 22. dxc5 Qe1+ 23. Kg2 Bf1+ 24. Kg1 Bh3+ {White resigns}
0-1

[Event "ICCopen2017"]
[Site "Internet Chess Club"]
[Date "2017.03.26"]
[Round "11"]
[White "leole51"]
[Black "flashlight"]
[Result "0-1"]
[ICCResult "White resigns"]
[WhiteElo "1724"]
[BlackElo "2038"]
[Opening "Sicilian: Anderssen variation"]
[ECO "B41"]
[NIC "SI.36"]
[Time "21:04:34"]
[TimeControl "180+0"]

1. e4 c5 2. Nf3 e6 3. d4 cxd4 4. Nxd4 Nf6 5. Nc3 Nc6 6. Ndb5 d6 7. Bf4 e5 8.
Bg5 a6 9. Na3 Be7 10. Nc4 b5 11. Ne3 O-O 12. Bxf6 Bxf6 13. a4 b4 14. Ncd5
Bg5 15. Bc4 Rb8 16. O-O a5 17. Qd3 Be6 18. c3 g6 19. Rab1 Kh8 20. Rfd1 f5
21. f3 Qd7 22. Bb5 Qb7 23. Rbc1 Bxd5 24. Qxd5 Bxe3+ 25. Kh1 Ne7 26. Bc6 Qxc6
{White resigns}
0-1

[Event "ICCopen2017"]
[Site "Internet Chess Club"]
[Date "2017.03.26"]
[Round "11"]
[White "Palse"]
[Black "chabotheking"]
[Result "1-0"]
[ICCResult "Black resigns"]
[WhiteElo "2403"]
[BlackElo "2576"]
[Opening "French: Steinitz variation"]
[ECO "C11"]
[NIC "FR.04"]
[Time "21:04:09"]
[TimeControl "180+0"]

1. e4 e6 2. d4 d5 3. Nc3 Nf6 4. e5 Nfd7 5. Nce2 c5 6. c3 Nc6 7. f4 cxd4 8.
cxd4 f6 9. Nf3 fxe5 10. fxe5 Bb4+ 11. Bd2 Qb6 12. a3 Bxd2+ 13. Qxd2 O-O 14.
Rd1 h6 15. h4 Na5 16. Nf4 Nb3 17. Qe3 Re8 18. Kf2 Re7 19. Rh3 Nf8 20. Rg3
Rf7 21. Nh5 Nh7 22. Qxh6 Qc7 23. Bd3 Nf8 24. Nf6+ Rxf6 25. Qxf6 Qf7 26.
Qxf7+ Kxf7 27. Bc2 Na5 28. Kg1 Bd7 29. Rf1 Kg8 30. h5 Rc8 31. h6 Rxc2 32.
Rxg7+ Kh8 33. Ng5 {Black resigns} 1-0

[Event "ICCopen2017"]
[Site "Internet Chess Club"]
[Date "2017.03.26"]
[Round "11"]
[White "sanguine"]
[Black "ShadowStorm"]
[Result "0-1"]
[ICCResult "White resigns"]
[WhiteElo "1062"]
[BlackElo "1349"]
[Opening "French defense"]
[ECO "C00"]
[NIC "FR.01"]
[Time "21:04:46"]
[TimeControl "180+0"]

1. e4 e6 2. Nf3 Nf6 3. d3 d5 4. e5 Nfd7 5. d4 c5 6. Nc3 Nc6 7. Bb5 Qb6 8.
Bxc6 bxc6 9. O-O Bb7 10. Ng5 h6 11. Nxf7 Kxf7 12. Qh5+ Ke7 13. Bg5+ Nf6 14.
Bxf6+ gxf6 15. exf6+ Kxf6 16. Qe5+ Kf7 17. Qxh8 Bg7 18. Qh7 c4 19. Rae1 Qxd4
20. Rxe6 Kxe6 21. Re1+ Kd6 22. Ne4+ dxe4 23. Qg6+ Kc5 24. h3 Rf8 25. Rf1 Ba6
26. b4+ cxb3 27. cxb3 Bxf1 28. Kh2 Rxf2 29. Qe8 Be5+ 30. Kh1 Bxg2+ 31. Kg1
Rf8+ {White resigns} 0-1

[Event "ICCopen2017"]
[Site "Internet Chess Club"]
[Date "2017.03.26"]
[Round "11"]
[White "BlueGreen"]
[Black "Sebs"]
[Result "0-1"]
[ICCResult "White resigns"]
[WhiteElo "2736"]
[BlackElo "2961"]
[Opening "Réti opening"]
[ECO "A05"]
[NIC "QP.11"]
[Time "21:04:36"]
[TimeControl "180+0"]

1. Nf3 Nf6 2. g3 b6 3. Bg2 Bb7 4. O-O g6 5. b3 Bg7 6. Bb2 O-O 7. c4 d6 8. d3
e5 9. Nbd2 c5 10. e4 Nbd7 11. Ne1 Re8 12. Nc2 Nf8 13. Ne3 Ne6 14. Nd5 Nd4
15. h3 Nxd5 16. cxd5 f5 17. a3 Rf8 18. b4 f4 19. Nf3 g5 20. Nh2 Qd7 21. Qh5
Ba6 22. Rad1 Qe8 23. Qxg5 f3 24. Bxd4 fxg2 25. Kxg2 cxd4 26. Nf3 Rc8 27. Nh4
h6 28. Qg4 Rc3 29. Nf5 Rxf5 30. Qxf5 Bxd3 31. Rfe1 Qf7 32. Qg4 Rc2 33. Qf3
Qxf3+ 34. Kxf3 Bc4 35. Rc1 d3 36. Rxc2 dxc2 37. Ke3 Bb3 38. Kd2 h5 39. f4
exf4 40. gxf4 Bb2 41. Rg1+ Kf7 42. h4 Bxa3 43. b5 c1=Q+ 44. Rxc1 Bxc1+ 45.
Kxc1 Bc4 46. Kd2 Bxb5 47. Kc3 a5 48. Kd4 a4 49. e5 dxe5+ 50. fxe5 a3 51. Kc3
Ba4 {White resigns} 0-1

[Event "ICCopen2017"]
[Site "Internet Chess Club"]
[Date "2017.03.26"]
[Round "11"]
[White "JUGGERNOT"]
[Black "Sc6"]
[Result "0-1"]
[ICCResult "White checkmated"]
[WhiteElo "1796"]
[BlackElo "1697"]
[Opening "Bird: From gambit"]
[ECO "A02"]
[NIC "VO.07"]
[Time "21:03:55"]
[TimeControl "180+0"]

1. f4 e5 2. fxe5 d6 3. Nf3 Nc6 4. e4 dxe5 5. Bc4 Be7 6. d3 Nf6 7. O-O O-O 8.
Bg5 Bg4 9. c3 Qd7 10. Qe2 Rad8 11. Na3 h6 12. Bxf6 Bxf6 13. Rad1 Na5 14. Bb5
c6 15. Ba4 b5 16. Bc2 Nb7 17. b4 a5 18. bxa5 Nxa5 19. Nb1 Qe7 20. h3 Bh5 21.
g4 Bg6 22. a4 b4 23. cxb4 Qxb4 24. Qd2 Qxd2 25. Nbxd2 c5 26. Kg2 Rd7 27. Kg3
Rfd8 28. Nh4 Bh7 29. Nf5 Bg5 30. Nf3 Bf4+ 31. Kg2 g6 32. Ng3 f5 33. Ne2 fxe4
34. Nxf4 exf3+ 35. Rxf3 exf4 36. Rxf4 g5 37. Rf5 Bxf5 38. gxf5 c4 39. Bb1
cxd3 40. Ba2+ Kg7 41. Kf3 Kf6 42. Ke4 Rd6 43. Rd2 Nc6 44. Bc4 Nb4 45. a5
Rd4+ 46. Ke3 Rxc4 47. a6 Nxa6 48. Kf3 Nb4 49. Rd1 Rc2 50. Re1 d2 51. Re6+
Kxf5 52. Rxh6 d1=Q+ 53. Ke3 Rd3# {White checkmated} 0-1

[Event "ICCopen2017"]
[Site "Internet Chess Club"]
[Date "2017.03.26"]
[Round "11"]
[White "TricksOnly"]
[Black "Filiron"]
[Result "0-1"]
[ICCResult "White checkmated"]
[WhiteElo "2475"]
[BlackElo "2444"]
[Opening "Four knights: Gunsberg variation"]
[ECO "C47"]
[NIC "KP.06"]
[Time "21:04:31"]
[TimeControl "180+0"]

1. e4 e5 2. Nf3 Nc6 3. Nc3 Nf6 4. a3 g6 5. d4 exd4 6. Nxd4 Bg7 7. Bg5 O-O 8.
Be2 Re8 9. Nxc6 bxc6 10. O-O h6 11. Bxf6 Qxf6 12. Bd3 Rb8 13. Rb1 Qd4 14.
Ne2 Qd6 15. b4 a5 16. bxa5 Rxb1 17. Qxb1 Qxa3 18. a6 Bxa6 19. Rd1 d6 20. h4
Bxd3 21. cxd3 Qc5 22. Ng3 Bd4 23. Qa2 Rb8 24. Rd2 Qc1+ 25. Kh2 Rb1 26. h5
Be5 27. Kh3 gxh5 28. Nxh5 Qh1+ 29. Kg4 Qxg2+ 30. Ng3 h5+ 31. Kxh5 Qf3+ 32.
Kg5 Bf6+ 33. Kh6 Rh1+ 34. Nxh1 Qxh1# {White checkmated} 0-1

[Event "ICCopen2017"]
[Site "Internet Chess Club"]
[Date "2017.03.26"]
[Round "11"]
[White "Dewey"]
[Black "habishek"]
[Result "0-1"]
[ICCResult "White checkmated"]
[WhiteElo "1327"]
[BlackElo "1126"]
[Opening "Vienna game"]
[ECO "C26"]
[NIC "VG.02"]
[Time "21:05:21"]
[TimeControl "180+0"]

1. e4 e5 2. Bc4 Nf6 3. Nc3 Be7 4. d3 O-O 5. a3 Nc6 6. Nge2 d6 7. O-O Bg4 8.
h3 Bh5 9. f4 Nd7 10. f5 Bg5 11. g4 Bxc1 12. Rxc1 Bxg4 13. hxg4 Qg5 14. Rf2
Nf6 15. Rg2 Nxg4 16. d4 Qe3+ 17. Kf1 Nh2+ 18. Rxh2 exd4 19. Nxd4 Nxd4 20.
Qe1 Qf4+ 21. Rf2 Qg4 22. Rd1 Nf3 23. Qe2 Qg1# {White checkmated} 0-1

[Event "ICCopen2017"]
[Site "Internet Chess Club"]
[Date "2017.03.26"]
[Round "11"]
[White "larso"]
[Black "ylr5000"]
[Result "0-1"]
[ICCResult "White resigns"]
[WhiteElo "2575"]
[BlackElo "2307"]
[Opening "Queen's pawn: London system"]
[ECO "A45"]
[NIC "QP.07"]
[Time "21:05:07"]
[TimeControl "180+0"]

1. d4 Nf6 2. Bf4 g6 3. Nc3 Bg7 4. Nf3 d5 5. e3 O-O 6. Be2 c6 7. Ne5 Nbd7 8.
h4 Nxe5 9. Bxe5 h5 10. Bf3 Bf5 11. Qe2 Qa5 12. O-O-O b5 13. e4 dxe4 14. Nxe4
Qxa2 15. Ng3 Bg4 16. Bxg4 Nxg4 17. Bxg7 Kxg7 18. c3 b4 19. cxb4 a5 20. Qxe7
axb4 21. Qxb4 Rfb8 22. Qc3 Rb3 23. Qc2 Rab8 24. d5 Rxb2 25. Qc3+ Kh7
{White resigns}
0-1

[Event "ICCopen2017"]
[Site "Internet Chess Club"]
[Date "2017.03.26"]
[Round "11"]
[White "FytinFrank"]
[Black "Revolutions"]
[Result "1-0"]
[ICCResult "Black resigns"]
[WhiteElo "1967"]
[BlackElo "1822"]
[Opening "Sicilian: closed"]
[ECO "B23"]
[NIC "SI.44"]
[Time "21:04:47"]
[TimeControl "180+0"]

1. e4 c5 2. Nc3 e6 3. f4 d5 4. e5 Nc6 5. Nf3 f6 6. d4 cxd4 7. Nxd4 Bc5 8.
Nb3 Bb6 9. Bd3 fxe5 10. Qh5+ Kf8 11. fxe5 Nge7 12. Rf1+ Nf5 13. g4 g6 14.
Qh6+ Kg8 15. gxf5 exf5 16. Bg5 Qe8 17. O-O-O Be6 18. Bf6 Qf7 19. Nb5 Nb4 20.
Nd6 Qc7 21. Kb1 a5 22. c3 Nxd3 23. Rxd3 a4 24. Nd4 Bxd4 25. Rxd4 a3 26. b3
Rd8 27. Rg1 Rxd6 28. exd6 Qf7 29. h4 f4 30. Rxf4 Bf5+ 31. Rxf5 {Black
resigns} 1-0

[Event "ICCopen2017"]
[Site "Internet Chess Club"]
[Date "2017.03.26"]
[Round "11"]
[White "KH"]
[Black "lestri"]
[Result "0-1"]
[ICCResult "White resigns"]
[WhiteElo "2110"]
[BlackElo "2566"]
[Opening "Bird's opening"]
[ECO "A02"]
[NIC "VO.07"]
[Time "21:05:22"]
[TimeControl "180+0"]

1. f4 c5 2. Nf3 g6 3. e3 Bg7 4. d4 Nf6 5. c3 Qc7 6. Nbd2 O-O 7. Bc4 d5 8.
Bd3 b6 9. O-O Ba6 10. Qe2 Bxd3 11. Qxd3 Nbd7 12. b3 Rac8 13. Ba3 e6 14. Ne5
Rfd8 15. Rac1 Qb7 16. h3 b5 17. Nxd7 Nxd7 18. Nf3 a5 19. Qd2 b4 20. Bb2 c4
21. cxb4 axb4 22. bxc4 dxc4 23. Qc2 c3 24. Ba1 Nf6 25. Rb1 Bf8 26. Bxc3 Qc7
27. Rfc1 bxc3 28. Rb3 Nd5 29. Ne5 Nxe3 30. Qd3 Nd5 31. g3 Bd6 32. Kh2 Bxe5
33. fxe5 Qc4 34. Qxc4 Rxc4 35. Rc2 Rxd4 {White resigns} 0-1

[Event "ICCopen2017"]
[Site "Internet Chess Club"]
[Date "2017.03.26"]
[Round "11"]
[White "Voltage"]
[Black "JohannesHaugish"]
[Result "1-0"]
[ICCResult "Black resigns"]
[WhiteElo "2470"]
[BlackElo "1985"]
[Opening "Queen's Indian: old main line, 7.Nc3"]
[ECO "E18"]
[NIC "QI.10"]
[Time "21:05:06"]
[TimeControl "180+0"]

1. d4 Nf6 2. Nf3 e6 3. c4 b6 4. g3 Bb7 5. Bg2 Be7 6. O-O O-O 7. Nc3 Ne4 8.
Bd2 Bf6 9. Rc1 d6 10. Qc2 Nxd2 11. Qxd2 e5 12. d5 a5 13. Ne1 Na6 14. Nd3 Nc5
15. Nxc5 bxc5 16. a4 g6 17. Nb5 Bg7 18. e4 f5 19. exf5 gxf5 20. f4 e4 21. b3
Ba6 22. Kh1 Bxb5 23. cxb5 Bd4 24. Rc4 Qf6 25. Rd1 h5 26. Rxd4 cxd4 27. Qxd4
Qxd4 28. Rxd4 Ra7 29. Kg1 Kg7 30. Bh3 Kf6 31. Kf2 Rg8 32. Rc4 Rb8 33. Rc6
Rb6 34. Rc4 Rb8 35. Ke3 h4 36. Rc6 hxg3 37. hxg3 Rh8 38. Bf1 Rg8 39. Kf2 Rg7
40. b6 Rb7 41. bxc7 Rgxc7 42. Rxd6+ Kf7 43. Bc4 Rxc4 44. bxc4 Rb2+ 45. Kf1
{Black resigns}
1-0

[Event "ICCopen2017"]
[Site "Internet Chess Club"]
[Date "2017.03.26"]
[Round "11"]
[White "DOCA"]
[Black "FGM21"]
[Result "0-1"]
[ICCResult "White checkmated"]
[WhiteElo "1812"]
[BlackElo "1956"]
[Opening "King's Indian: Sämisch, 5...O-O"]
[ECO "E81"]
[NIC "KI.47"]
[Time "21:04:03"]
[TimeControl "180+0"]

1. d4 Nf6 2. c4 g6 3. Nc3 Bg7 4. e4 d6 5. f3 O-O 6. Be3 a6 7. Qd2 e5 8. d5
Re8 9. O-O-O Nh5 10. Kb1 Nf4 11. Nge2 g5 12. h4 f6 13. hxg5 fxg5 14. g3 Nxe2
15. Bxe2 h6 16. f4 exf4 17. gxf4 b5 18. fxg5 b4 19. Na4 Rxe4 20. gxh6 Bf6
21. Bd3 Bf5 22. Qe2 Kh8 23. Bxe4 Bxe4+ 24. Ka1 Bxh1 25. Rxh1 Qe8 26. Rf1 Nd7
27. Qd1 Qxe3 28. a3 bxa3 29. Ka2 axb2 30. Qg4 Rb8 31. Qxd7 Qb3+ 32. Kb1 Qd3+
33. Ka2 Qxc4+ 34. Kb1 Qxf1+ 35. Ka2 Qa1# {White checkmated} 0-1

[Event "ICCopen2017"]
[Site "Internet Chess Club"]
[Date "2017.03.26"]
[Round "11"]
[White "jbow79"]
[Black "Zipa5"]
[Result "0-1"]
[ICCResult "White forfeits on time"]
[WhiteElo "996"]
[BlackElo "1459"]
[Opening "Modern defense"]
[ECO "A40"]
[NIC "QO.17"]
[Time "21:04:23"]
[TimeControl "180+0"]

1. d4 g6 2. Nf3 Bg7 3. g3 d6 4. Bg2 Nd7 5. O-O e5 6. d5 Ne7 7. e4 O-O 8. Nc3
Nf6 9. Be3 Ng4 10. Qd2 Nxe3 11. Qxe3 f5 12. Nd2 f4 13. Qe2 g5 14. Qh5 Ng6
15. Nf3 Qe8 16. Nxg5 h6 17. Nh3 Bd7 18. gxf4 Nxf4 19. Qd1 Nxg2 20. Kxg2 Qg6+
21. Kh1 Bxh3 22. Rg1 Qf7 {White forfeits on time} 0-1

[Event "ICCopen2017"]
[Site "Internet Chess Club"]
[Date "2017.03.26"]
[Round "11"]
[White "tigerr"]
[Black "kingmate"]
[Result "1-0"]
[ICCResult "Black resigns"]
[WhiteElo "2198"]
[BlackElo "2512"]
[Opening "French: Tarrasch"]
[ECO "C03"]
[NIC "FR.14"]
[Time "21:04:10"]
[TimeControl "180+0"]

1. e4 e6 2. d4 d5 3. Nd2 Be7 4. Ngf3 Nf6 5. e5 Nfd7 6. Bd3 c5 7. c3 Nc6 8.
O-O h5 9. Re1 c4 10. Bc2 g5 11. Nf1 b5 12. Ne3 g4 13. Nd2 b4 14. Ndf1 a5 15.
f3 Bg5 16. fxg4 h4 17. Nd2 Qb6 18. Ndxc4 dxc4 19. Nxc4 Qd8 20. Nd6+ Kf8 21.
Qf3 Ndxe5 22. dxe5 Nxe5 23. Qxa8 Bxc1 24. Nxc8 Bf4 25. Rad1 Qc7 26. Nd6+ Kg7
27. Qe4 Ng6 28. Bb3 Bxd6 29. h3 Bh2+ 30. Kh1 Bg3 31. Rf1 bxc3 32. bxc3 Rf8
33. g5 Qe5 34. Qg4 Nf4 35. Bc2 Qxc3 36. Bb1 Qe5 37. Rc1 Rd8 38. Rcd1 Rb8 39.
g6 Nxg6 40. Rd7 Qb5 41. Qxg6+ {Black resigns} 1-0

[Event "ICCopen2017"]
[Site "Internet Chess Club"]
[Date "2017.03.26"]
[Round "11"]
[White "primerpaso"]
[Black "fletcherdavid"]
[Result "1-0"]
[ICCResult "Black resigns"]
[WhiteElo "1649"]
[BlackElo "1818"]
[Opening "English opening"]
[ECO "A13"]
[NIC "EO.64"]
[Time "21:04:48"]
[TimeControl "180+0"]

1. c4 e6 2. Nc3 d5 3. cxd5 exd5 4. d4 c6 5. g3 Nf6 6. Bg2 Be7 7. Nf3 O-O 8.
O-O Bg4 9. Ne5 Nbd7 10. Nxg4 Nxg4 11. e4 Ngf6 12. e5 Ne8 13. f4 Nc7 14. Be3
c5 15. Nxd5 Nxd5 16. Bxd5 cxd4 17. Qxd4 Bc5 18. Qe4 Qb6 19. Bxc5 Nxc5 20.
Qd4 Rad8 21. Rfd1 Ne6 22. Qxb6 axb6 23. Bxe6 fxe6 24. Kf2 Kf7 25. Ke2 Ke7
26. Rxd8 Rxd8 27. Rd1 Rc8 28. Rd2 Rc5 29. b4 Rc4 30. Rb2 g5 31. Kf3 gxf4 32.
gxf4 h5 33. h4 Rc3+ 34. Ke4 Rh3 35. Kd4 Rxh4 36. Rf2 Rg4 37. Kc4 h4 38. Kb5
h3 39. Rh2 Rxf4 40. Rxh3 Re4 41. Rh7+ Ke8 42. Kxb6 Rxe5 43. b5 Kf8 44. Rxb7
Re2 45. Rd7 e5 46. a4 e4 47. Rd1 e3 48. a5 Ke7 49. a6 Ra2 50. a7 e2 51. Re1
Kd7 52. Kb7 Rb2 53. b6 Ra2 54. a8=Q {Black resigns} 1-0

[Event "ICCopen2017"]
[Site "Internet Chess Club"]
[Date "2017.03.26"]
[Round "11"]
[White "camilian"]
[Black "glokoll"]
[Result "1-0"]
[ICCResult "Black resigns"]
[WhiteElo "1248"]
[BlackElo "1440"]
[Opening "Robatsch (modern) defense"]
[ECO "B06"]
[NIC "KF.06"]
[Time "21:05:30"]
[TimeControl "180+0"]

1. e4 g6 2. Nf3 Bg7 3. d4 c5 4. e5 cxd4 5. Qxd4 Nc6 6. Qd5 Qb6 7. Bc4 e6 8.
Qd6 Bf8 9. Qd3 Nb4 10. Qb3 Qc6 11. O-O d5 12. Be2 Nxc2 13. Bb5 Nxa1 14.
Bxc6+ bxc6 15. Qc3 Bd7 16. Na3 Rb8 17. Bg5 h6 18. Bf6 Nxf6 19. exf6 Bd6 20.
Nd4 e5 21. Nxc6 Bxa3 22. Nxb8 Bd6 23. Rxa1 O-O 24. Nxd7 Rd8 25. Nc5 d4 26.
Qc4 Rc8 27. b4 a5 28. a3 a4 29. Qa6 Rc6 30. Qxc6 Bf8 31. Qe8 g5 32. Nd7 Kh7
33. Qxf8 Kg6 34. Qg8+ Kf5 35. Qe8 e4 36. Qe5+ Kg6 37. Qxe4+ Kh5 38. Rd1 g4
39. Rd3 Kg5 40. h3 gxh3 41. Rg3+ Kh5 42. Qf5+ {Black resigns} 1-0

[Event "ICCopen2017"]
[Site "Internet Chess Club"]
[Date "2017.03.26"]
[Round "11"]
[White "Cramagica"]
[Black "icewoman"]
[Result "0-1"]
[ICCResult "White forfeits on time"]
[WhiteElo "1033"]
[BlackElo "1091"]
[Opening "Philidor: Improved Hanham variation"]
[ECO "A00"]
[NIC "VO.15"]
[Time "21:04:36"]
[TimeControl "180+0"]

1. Nc3 d6 2. Nf3 Nf6 3. d4 Nbd7 4. e4 e5 5. Bd3 Be7 6. O-O c6 7. Bg5 Qc7 8.
Rb1 h6 9. Bh4 g5 10. Bg3 Nf8 11. b4 Ng6 12. Ne2 Nf4 13. c4 h5 14. h3 h4 15.
Bh2 Rg8 16. a3 g4 17. Nxh4 gxh3 18. Nxf4 exf4 19. Bxf4 hxg2 20. Re1 Nh5 21.
Bg3 Nxg3 22. fxg3 Rxg3 23. Re3 Bxh4 24. Rxg3 Bxg3 25. Qh5 Qe7 26. Rb2 Qe6
{White forfeits on time}
0-1

[Event "ICCopen2017"]
[Site "Internet Chess Club"]
[Date "2017.03.26"]
[Round "11"]
[White "oli2"]
[Black "TaijiChess22"]
[Result "0-1"]
[ICCResult "White resigns"]
[WhiteElo "1677"]
[BlackElo "1872"]
[Opening "English: Mikenas-Carls variation"]
[ECO "A18"]
[NIC "EO.64"]
[Time "21:04:06"]
[TimeControl "180+0"]

1. c4 Nf6 2. Nc3 e6 3. e4 Bb4 4. Nge2 d5 5. e5 Nfd7 6. cxd5 Nxe5 7. dxe6
Bxe6 8. d4 Ng6 9. Nf4 Nxf4 10. Bxf4 O-O 11. Bd3 Kh8 12. Qh5 g6 13. Be5+ f6
14. Bxg6 Qe7 15. Bf4 Bg4+ 16. Qe5 fxe5 17. Bxe5+ Kg8 18. Bd3 Bxc3+ 19. bxc3
Be6 20. O-O Nc6 21. Rae1 Nxe5 22. Rxe5 Qf6 23. f4 Rae8 24. f5 Bf7 25. Rfe1
Rxe5 26. dxe5 Qb6+ 27. Kh1 Bd5 28. Re3 Qxe3 {White resigns} 0-1

[Event "ICCopen2017"]
[Site "Internet Chess Club"]
[Date "2017.03.26"]
[Round "11"]
[White "Massada"]
[Black "fairplay"]
[Result "0-1"]
[ICCResult "White forfeits on time"]
[WhiteElo "1474"]
[BlackElo "1294"]
[Opening "French defense"]
[ECO "C00"]
[NIC "FR.01"]
[Time "21:04:41"]
[TimeControl "180+0"]

1. e4 e6 2. Nf3 d5 3. exd5 exd5 4. d4 Nf6 5. Bd3 Be7 6. h3 Be6 7. O-O h6 8.
c3 O-O 9. Bf4 c5 10. Nbd2 cxd4 11. cxd4 Nc6 12. Nb3 a6 13. Rc1 Rc8 14. Ne5
Ne4 15. Nxc6 Rxc6 16. Rxc6 bxc6 17. Bxa6 Qb6 18. Bd3 Bf6 19. Be3 Rd8 20. Qc2
Ng5 21. f4 Ne4 22. Bxe4 dxe4 23. Qxe4 Bd5 24. Qc2 Qb4 25. Rd1 Qb8 26. Nc5
Re8 27. Bf2 Qxf4 28. Nd7 Bg5 29. Rf1 Qc7 30. Ne5 f6 31. Qg6 Bf7
{White forfeits on time}
0-1

[Event "ICCopen2017"]
[Site "Internet Chess Club"]
[Date "2017.03.26"]
[Round "11"]
[White "RobertoJBM"]
[Black "Alright2015"]
[Result "1-0"]
[ICCResult "Black resigns"]
[WhiteElo "2709"]
[BlackElo "2285"]
[Opening "Queen's pawn game"]
[ECO "A46"]
[NIC "QP.06"]
[Time "21:04:55"]
[TimeControl "180+0"]

1. d4 Nf6 2. Nf3 c5 3. e3 e6 4. Bd3 b6 5. O-O Bb7 6. Qe2 g6 7. b3 Bg7 8. Bb2
O-O 9. Nbd2 Qe7 10. c4 d6 11. Rad1 Na6 12. Rfe1 Rad8 13. Bb1 Ne8 14. e4 g5
15. h3 e5 16. dxc5 Nxc5 17. Nf1 Ne6 18. Ng3 Nf4 19. Qe3 Bc8 20. Ba3 g4 21.
hxg4 Bxg4 22. Nf5 Bxf5 23. exf5 Qf6 24. g3 Nh5 25. g4 Nf4 26. g5 Nh3+ 27.
Kg2 Nf4+ 28. Qxf4 exf4 29. gxf6 Bxf6 30. Nd4 h5 31. Nb5 Be5 32. Rxe5 dxe5
33. Rxd8 Kh7 34. Bxf8 Nf6 35. Be7 Ng4 36. f6+ Kh6 37. Rg8 a6 38. Nd6 b5 39.
Bf5 f3+ 40. Kg3 bxc4 41. bxc4 a5 42. Bxg4 hxg4 43. Kxg4 e4 44. Nxe4 a4 45.
Kxf3 a3 46. Rg7 Kh5 47. Ke2 Kh6 48. Kd3 Kh5 49. Kc3 Kh6 50. Kb3 Kh5 51. Kxa3
Kh6 52. Kb4 Kh5 {Black resigns} 1-0

[Event "ICCopen2017"]
[Site "Internet Chess Club"]
[Date "2017.03.26"]
[Round "11"]
[White "santaneco1"]
[Black "volver"]
[Result "1-0"]
[ICCResult "Black resigns"]
[WhiteElo "1685"]
[BlackElo "1428"]
[Opening "KGA: Fischer defense"]
[ECO "C34"]
[NIC "KG.02"]
[Time "21:04:03"]
[TimeControl "180+0"]

1. e4 e5 2. f4 exf4 3. Nf3 d6 4. d4 g5 5. c3 h6 6. Bc4 Bg7 7. Qb3 Qe7 8. O-O
Nc6 9. Bb5 Bd7 10. d5 Ne5 11. Bxd7+ Qxd7 12. Qxb7 Rc8 13. Nd4 Ne7 14. Qxa7
O-O 15. Qa6 Ra8 16. Qe2 N7g6 17. Nd2 Rfe8 18. N2f3 Nxf3+ 19. Nxf3 Ne5 20.
Nxe5 Bxe5 21. h3 Qe7 22. Qh5 Qf6 23. Bd2 Kg7 24. Qg4 Rab8 25. Rab1 Rb7 26.
Qf3 Reb8 27. b3 Qg6 28. b4 Re8 29. Rfe1 Ra7 30. Ra1 Ra3 31. Reb1 Qf6 32. Rb3
Raa8 33. a4 Reb8 34. a5 Ra6 35. b5 Raa8 36. a6 Ra7 37. Rab1 Qd8 38. c4 Bd4+
39. Kh1 Bc5 40. Qd3 Qf6 41. Bc3 {Black resigns} 1-0

[Event "ICCopen2017"]
[Site "Internet Chess Club"]
[Date "2017.03.26"]
[Round "11"]
[White "F83"]
[Black "Bonao"]
[Result "1-0"]
[ICCResult "Black forfeits on time"]
[WhiteElo "1948"]
[BlackElo "1999"]
[Opening "French: advance, Euwe variation"]
[ECO "C02"]
[NIC "FR.03"]
[Time "21:04:34"]
[TimeControl "180+0"]

1. e4 e6 2. d4 d5 3. e5 c5 4. c3 Nc6 5. Nf3 Bd7 6. Be2 cxd4 7. cxd4 Qb6 8.
a3 a5 9. Nc3 Rc8 10. O-O h5 11. Bg5 Nh6 12. Nb5 Nf5 13. Qb3 Ncxd4 14. Nbxd4
Qxb3 15. Nxb3 a4 16. Nbd4 g6 17. Bf6 Rg8 18. Rfc1 Bc6 19. Nxf5 gxf5 20. Nd4
Kd7 21. Bb5 Bh6 22. Bxc6+ bxc6 23. Rc5 Rg4 24. Nf3 Rc4 25. Rxc4 dxc4 26.
Rd1+ Kc7 27. Be7 Kb6 28. h3 {Black forfeits on time} 1-0

[Event "ICCopen2017"]
[Site "Internet Chess Club"]
[Date "2017.03.26"]
[Round "11"]
[White "Morad-Magdy"]
[Black "DoctorWho"]
[Result "1-0"]
[ICCResult "Black resigns"]
[WhiteElo "2006"]
[BlackElo "1862"]
[Opening "English opening"]
[ECO "A05"]
[NIC "EO.48"]
[Time "21:04:20"]
[TimeControl "180+0"]

1. Nf3 Nf6 2. c4 b6 3. g3 Bb7 4. Bg2 c5 5. O-O g6 6. Nc3 Bg7 7. b3 O-O 8.
Bb2 d5 9. Ne5 Nbd7 10. Nxd7 Qxd7 11. d3 Rad8 12. Qc2 Rfe8 13. Rad1 Qc8 14.
cxd5 Nxd5 15. Nxd5 Bxd5 16. Bxd5 Rxd5 17. Bxg7 Kxg7 18. Rc1 e5 19. Qc3 f6
20. Rc2 Qb7 21. Rfc1 Rd4 22. Qb2 e4 23. Qxd4 cxd4 24. Rc7+ Re7 25. Rxb7 Rxb7
26. dxe4 Kf7 27. Rc4 Rd7 28. f4 h5 29. Kf2 Ke6 30. Ke1 d3 31. exd3 Rxd3 32.
Ke2 Rd7 33. Rc6+ Ke7 34. Ke3 Kf7 35. h3 Ke7 36. g4 hxg4 37. hxg4 Kf7 38. f5
gxf5 39. gxf5 Ke7 40. e5 fxe5 41. Ke4 Rd2 42. Kxe5 Rxa2 43. Rc7+ Kd8 44. Rh7
a5 45. f6 Re2+ 46. Kd6 Ke8 47. Rb7 Rd2+ 48. Ke6 Re2+ 49. Kf5 Rf2+ 50. Kg6
Rg2+ 51. Kh7 Rh2+ 52. Kg8 Rg2+ 53. Rg7 Rf2 54. f7+ Rxf7 55. Rxf7 b5 56. Rf5
{Black resigns}
1-0

[Event "ICCopen2017"]
[Site "Internet Chess Club"]
[Date "2017.03.26"]
[Round "11"]
[White "simplerxiao"]
[Black "Incognito"]
[Result "1-0"]
[ICCResult "Black resigns"]
[WhiteElo "1977"]
[BlackElo "1589"]
[Opening "two knights defense: Kieseritsky variation"]
[ECO "C58"]
[NIC "KP.01"]
[Time "21:04:18"]
[TimeControl "180+0"]

1. e4 e5 2. Nf3 Nc6 3. Bc4 Nf6 4. Ng5 d5 5. exd5 Na5 6. d3 Nxc4 7. dxc4 h6
8. Nf3 e4 9. Nd4 Bc5 10. Nb3 Be7 11. Be3 O-O 12. h3 a5 13. O-O Nd7 14. Nd4
Bf6 15. Nc3 Re8 16. Bf4 Be5 17. Bxe5 Rxe5 18. f4 exf3 19. Nxf3 Re8 20. Qd4
Nf6 21. Rae1 Bf5 22. Rxe8+ Qxe8 23. Re1 Qf8 24. Qf2 Qb4 25. Ne5 Bg6 26. Nxg6
fxg6 27. Qd2 Qxb2 28. Rb1 Qa3 29. Rxb7 Qc5+ 30. Kh1 Qxc4 31. Qd3 Qxd3 32.
cxd3 Rd8 33. Rb5 a4 34. Ra5 Rd6 35. Ne4 Rd7 36. Nc3 Kf7 37. Kg1 Ke7 38. Kf2
Rd6 39. Ke3 c6 40. dxc6 Rxc6 41. Nxa4 Re6+ 42. Kd2 Nd5 43. Rxd5 {Black
resigns} 1-0